 Dungeon Sprint DCSS version 0.27-a0-1431-gcffa5a9b16 (webtiles) character file.

Game seed: 6712764764674211037

103490 mhtbhm the Archmage (level 15, -3/76 HPs)
             Began as a Deep Elf Earth Elementalist on July 2, 2021.
             Was the Champion of Vehumet.
             Killed by the air
             ... invoked by a spriggan air mage
              (17 damage)
             ... in the Dungeon (Sprint VII: "The Pits").
             The game lasted 00:19:10 (6222 turns).

mhtbhm the Archmage (Deep Elf Earth Elementalist)   Turns: 6222, Time: 00:19:11

Health: -3/76      AC: 11    Str: 11    XL:     15   Next: 89%
Magic:  54/57      EV: 28    Int: 29    God:    Vehumet [******]
Gold:   98         SH:  0    Dex: 19    Spells: 17/68 levels left

rFire    + . .     SeeInvis .   a - +2 rapier (protect)
rCold    + + .     Faith    .   (no shield)
rNeg     + + .     Spirit   .   b - +1 robe {rN+}
rPois    .         Reflect  .   K - +0 helmet of Gallantry {+Blink rCorr Dex+4}
rElec    .         Harm     .   E - +1 cloak {rCorr}
rCorr    +         Rampage  .   (no gloves)
Will     ++...     NoTele   +   s - +0 pair of boots
Stlth    ++++......             I - amulet "Pewnenak" {Regen+ MP+9}
HPRegen  1.22/turn              P - ring of Tybrach {rF+ rN+ Will+ AC+4}
MPRegen  0.35/turn              R - ring of Xecoch {rC++ Str+6 Int+2}

@: studying 2 skills
A: no striking features
a: Renounce Religion, Evoke Blink


You were in the Dungeon.
You worshipped Vehumet.
Vehumet was exalted by your worship.
You visited 1 branch You collected 98 gold pieces.

Inventory:

Hand Weapons
 a - a +2 rapier of protection (weapon)
 m - a +2 sacred scourge of holy wrath
Missiles
 h - 2 throwing nets (quivered)
 i - 5 stones
 r - 12 silver javelins
Armour
 b - a +1 robe of positive energy (worn)
 s - a +0 pair of boots (worn)
 E - a +1 cloak of preservation (worn)
 F - a +2 hat of stealth
 K - the +0 helmet of Gallantry (worn) {+Blink rCorr Dex+4}
   (You found it in the Dungeon)

   Dex:       It affects your dexterity (+4).
   +Blink:    It lets you blink.
   rCorr:     It protects you from acid and corrosion.
Jewellery
 A - the ring of Feqal {rN+ AC+4 Dex+8}
   (You found it in the Dungeon)

   [ring of protection]

   AC:        It affects your AC (+4).
   Dex:       It affects your dexterity (+8).
   rN:        It protects you from negative energy.
 I - the amulet "Pewnenak" (around neck) {Regen+ MP+9}
   (You found it in the Dungeon)

   [amulet of regeneration]

   MP:        It affects your magic capacity (+9).
   Regen:     It increases your rate of health regeneration.
 L - the ring of Qoerph {rPois EV+6 Str+5 Dex-5}
   (You found it in the Dungeon)

   [ring of evasion]

   EV:        It affects your evasion (+6).
   Str:       It affects your strength (+5).
   Dex:       It affects your dexterity (-5).
   rPois:     It protects you from poison.
 N - the ring of Weiduhex {rPois Int+6}
   (You found it in the Dungeon)

   [ring of intelligence]

   Int:       It affects your intelligence (+6).
   rPois:     It protects you from poison.
 O - the ring "Qextoloz" {rElec Will+ rCorr}
   (You found it in the Dungeon)

   [ring of willpower]

   rElec:     It insulates you from electricity.
   rCorr:     It protects you from acid and corrosion.
   Will:      It increases your willpower.
 P - the ring of Tybrach (left hand) {rF+ rN+ Will+ AC+4}
   (You found it in the Dungeon)

   [ring of protection]

   AC:        It affects your AC (+4).
   rF:        It protects you from fire.
   rN:        It protects you from negative energy.
   Will:      It increases your willpower.
 Q - the ring of Beiqa {MP+9 SInv}
   (You found it in the Dungeon)

   [ring of magical power]

   MP:        It affects your magic capacity (+9).
   SInv:      It lets you see invisible.
 R - the ring of Xecoch (right hand) {rC++ Str+6 Int+2}
   (You found it in the Dungeon)

   [ring of strength]

   Str:       It affects your strength (+6).
   Int:       It affects your intelligence (+2).
   rC:        It greatly protects you from cold.
 S - the ring "Ilunueg" {rPois Str+6 Int+6}
   (You found it in the Dungeon)

   [ring of intelligence]

   Str:       It affects your strength (+6).
   Int:       It affects your intelligence (+6).
   rPois:     It protects you from poison.
 T - the ring of Dishonour {rN++ AC+4 Int+2}
   (You found it in the Dungeon)

   [ring of protection]

   AC:        It affects your AC (+4).
   Int:       It affects your intelligence (+2).
   rN:        It greatly protects you from negative energy.
 X - the ring "Zyppozadwu" {rPois Will+ Str+3 Dex+6}
   (You found it in the Dungeon)

   [ring of dexterity]

   Str:       It affects your strength (+3).
   Dex:       It affects your dexterity (+6).
   rPois:     It protects you from poison.
   Will:      It increases your willpower.
Wands
 v - a wand of iceblast (6)
 B - a wand of acid (10)
 C - a wand of charming (11)
 H - a wand of flame (21)
Scrolls
 j - 5 scrolls of amnesia
 k - a scroll of summoning
 t - 8 scrolls of enchant armour
 u - 4 scrolls of enchant weapon
 w - a scroll of fear
 z - a scroll of blinking
Potions
 c - 6 potions of curing
 d - 11 potions of heal wounds
 e - 7 potions of haste
 f - 8 potions of magic
 g - 4 potions of berserk rage
 l - a potion of invisibility
 o - 2 potions of resistance
 p - a potion of might
 q - 6 potions of mutation
 D - a potion of flight
Miscellaneous
 G - a condenser vane
 J - a tin of tremorstones (2/2)


   Skills:
 + Level 2.7 Fighting
 + Level 22.6 Dodging
 + Level 6.5 Stealth
 O Level 27 Spellcasting
 + Level 17.1 Conjurations
 + Level 2.7 Transmutations
 O Level 27 Earth Magic
 + Level 19.4 Evocations


You had 17 spell levels left.
You knew the following spells:

 Your Spells              Type           Power      Damage    Failure   Level
a - Sandblast             Erth           100%       2d20      0%          1
b - Passwall              Tmut/Erth      75%        N/A       0%          2
c - Stone Arrow           Conj/Erth      100%       3d13      0%          3
d - Lee's Rapid Deconstr  Erth           57%        3d27*     0%          5
e - Petrify               Tmut/Erth      90%        N/A       0%          4
f - Maxwell's Capacitive  Air            19%        ∞         100%        8
g - Lehudib's Crystal Sp  Conj/Erth      52%        10d12     1%          8
h - Ignition              Fire           19%        3d7       100%        8
i - Shatter               Erth           57%        3d43*     1%          9
j - Mephitic Cloud        Conj/Pois/Air  64%        N/A       1%          3

Your spell library contained the following spells:

 Spells                   Type           Power      Damage    Failure   Level
 Magic Dart               Conj           100%       1d8       0%          1
 Searing Ray              Conj           100%       3d7       0%          2
 Iskenderun's Battlesphe  Conj           95%        2d14      0%          5
 Static Discharge         Conj/Air       73%        N/A       1%          2
 Call Canine Familiar     Summ           39%        N/A       1%          3
 Dazzling Flash           Conj/Hex       100%       N/A       1%          3
 Frozen Ramparts          Ice            78%        1d9       1%          3
 Summon Guardian Golem    Hex/Summ       39%        N/A       1%          3
 Airstrike                Air            19%        N/A       1%          4
 Animate Armour           Summ/Erth      100%       N/A       1%          4
 Fulminant Prism          Conj/Hex       36%        3d18      1%          4
 Iskenderun's Mystic Bla  Conj/Tloc      73%        2d15      1%          4
 Fireball                 Conj/Fire      36%        3d15      1%          5
 Lightning Bolt           Conj/Air       36%        1d54      1%          5
 Conjure Ball Lightning   Conj/Air       36%        3x3d12    1%          6
 Starburst                Conj/Fire      36%        8x6d11    1%          6
 Orb of Destruction       Conj           47%        9d15      1%          7
 Ice Form                 Ice/Tmut       47%        N/A       3%          4
 Spellforged Servitor     Conj/Summ      36%        N/A       4%          7
 Summon Ice Beast         Ice/Summ       39%        N/A       6%          4
 Summon Lightning Spire   Summ/Air       39%        N/A       6%          4
 Alistair's Intoxication  Tmut/Pois      31%        N/A       11%         5
 Eringya's Noxious Bog    Tmut/Pois      23%        N/A       16%         6
 Summon Forest            Summ/Tloc      19%        N/A       19%         5
 Summon Mana Viper        Hex/Summ       39%        N/A       19%         5
 Invisibility             Hex            19%        N/A       69%         6
 Storm Form               Tmut/Air       23%        N/A       97%         7
 Monstrous Menagerie      Summ           19%        N/A       99%         7
 Summon Hydra             Summ           19%        N/A       99%         7


Dungeon Overview and Level Annotations

Branches:
Dungeon (1/1)

Altars:
Ashenzari
Cheibriados
Dithmenos
Elyvilon
Fedhas
Gozag
Hepliaklqana
Kikubaaqudgha
Makhleb
Nemelex Xobeh
Okawaru
Qazlal
Ru
Sif Muna
Trog
Uskayaw
Vehumet
Wu Jian
Xom
Yredelemnul
Zin
The Shining One
Beogh
Jiyva
Lugonu

Annotations:
D Cerebov, Louise, Margery


Message History

You kill the spriggan defender!
Vehumet accepts your kill.
You feel your power returning.
Margery the Dragonslayer comes into view.
She is wielding a +0 glaive of flaming.
Margery shouts!
Margery is moderately wounded.
A spriggan air mage comes into view.
The spriggan air mage shouts!
The spriggan air mage is heavily wounded.
An acid blob comes into view.
The acid blob quivers.
The acid blob is lightly wounded.
A hell knight comes into view. It is wielding a +0 vorpal long sword.
The hell knight shouts!
The hell knight is almost dead.
A door shatters!
You kill the necromancer!
Vehumet accepts your kill.
You feel your power returning.
The azure jelly is moderately wounded.
A door shatters!
Ka-crash!
An azure jelly and a reaper come into view.
The reaper is wielding a +2 vorpal scythe.
You hear a trumpeting!
You hear a shout!
You hear a roar!
You hear a deafening roar!
You hear a roar! x3
Something shouts, "Out, out whilst life thou hast!"
You hear a roar!
You hear a shout!
You hear a roar!
A hell knight comes into view. It is wielding a +3 halberd of flaming.
A hell knight comes into view. It is wielding a +4 demon trident.
A hell knight comes into view.
It is wielding a +4 demon blade of pain.
Margery points at you and mumbles some strange words.
The fireball explodes!
The fireball engulfs you!!! You resist.
Ouch! That really hurt!
A hellephant comes into view.
The yaktaur captain shoots a bolt.
The bolt hits you!
* * * LOW HITPOINT WARNING * * *
The spriggan air mage waves its arms in wide circles.
The air twists around and strikes you!
You die...

#+# #&# #+# #.#
#'# #####.#
.Y##.###...#†#
.J..c..@..##.##
..#2.##..##...#
#. #.#.....)#
.. ##.#)## .#@
##†# @#J. #.#
.. .i #'# pp
#p. #.# #'#


You could see a hellephant, Margery, Louise, an acid blob, an azure jelly, a
yaktaur captain, a reaper, 3 hell knights and a spriggan air mage (repels
missiles).

Vanquished Creatures
  An ancient lich (D)
  A pearl dragon (D)
  An electric golem (D)
  A lich (D)
  2 titans (D)
  3 acid blobs (D)
  2 Executioners (D)
  A storm dragon (D)
  Gastronok (D)
  3 nagarajas (D)
  A draconian monk (D)
  4 orc warlords (D)
  A draconian shifter (D)
  An angel (D)
  2 draconian stormcallers (D)
  A spriggan defender (D)
  An apis (D)
  2 deep elf demonologists (D)
  A white draconian (D)
  A minotaur (D)
  A deep elf annihilator (D)
  4 yellow draconians (D)
  A red draconian (D)
  A merfolk javelineer (D)
  2 green deaths (D)
  3 yaktaur captains (D)
  3 deep elf high priests (D)
  Harold (D)
  A vault guard (D)
  4 boulder beetles (D)
  A spriggan air mage (D)
  A merfolk avatar (D)
  An ogre mage (D)
  3 naga warriors (D)
  3 two-headed ogres (D)
  2 death knights (D)
  A death yak (D)
  An orc high priest (D)
  A vampire mage (D)
  8 hell knights (D)
  2 deep elf knights (D)
  A sun demon (D)
  2 iron trolls (D)
  2 wizards (D)
  A spriggan druid (D)
  2 swamp dragons (D)
  10 orc knights (D)
  2 deep elf zephyrmancers (D)
  4 necromancers (D)
  A moth of wrath (D)
  An orc sorcerer (D)
  2 elephants (D)
  Maurice (D)
  A naga mage (D)
  A gargoyle (D)
  An eye of devastation (D)
  A molten gargoyle (D)
  An orange demon (D)
  2 komodo dragons (D)
  2 yaktaurs (D)
  An efreet (D)
  A kobold demonologist (D)
  4 unseen horrors (D)
  An ice devil (D)
  A troll (D)
  2 polar bears (D)
  4 merfolk (D)
  A snapping turtle (D)
  6 dream sheep (D)
  2 air elementals (D)
  2 spriggans (D)
  A tarantella (D)
  6 redbacks (D)
  A shadow (D)
  A wyvern (D)
  A fire elemental (D)
  2 vampire mosquitoes (D)
  Grum (D)
  2 wargs (D)
  A steam dragon (D)
  A chaos spawn (D)
  A swamp drake (D)
  Duvessa (D)
  A water moccasin (D)
  12 orc warriors (D)
  2 sky beasts (D)
  10 wolves (D)
  2 centaurs (D)
  4 ogres (D)
  A phantom (D)
  A bullfrog (D)
  Dowan (D)
  5 killer bees (D)
  2 hounds (D)
  A gnoll shaman (D)
  3 orc priests (D)
  An iron imp (D)
  An orc wizard (D)
  5 gnolls (D)
  3 white imps (D)
  2 adder skeletons (D)
  12 orcs (D)
  2 jackals (D)
  2 quokkas (D)
  4 ball pythons (D)
  2 bats (D)
  A bat simulacrum (D)
  A frilled lizard (D)
  A jackal zombie (D)
  A kobold (D)
  A quokka zombie (D)
  A rat (D)
243 creatures vanquished.

Notes
Turn   | Place    | Note
-------+----------+-------------------------------------------
     0 | D        | mhtbhm the Deep Elf Earth Elementalist began the quest for
                  | the Orb.
     0 | D        | Reached XP level 1. HP: 10/10 MP: 6/6
    15 | D        | Found a bloodstained altar of Trog.
    15 | D        | Found a shimmering blue altar of Sif Muna.
    15 | D        | Found a viscous altar of Jiyva.
    15 | D        | Found a hazy altar of Hepliaklqana.
    15 | D        | Found an opulent altar of Gozag.
    16 | D        | Found a glowing golden altar of the Shining One.
    16 | D        | Found a glowing silver altar of Zin.
    16 | D        | Found a basalt altar of Yredelemnul.
    16 | D        | Found a shimmering altar of Xom.
    16 | D        | Found an ornate altar of the Wu Jian Council.
    16 | D        | Found a sacrificial altar of Ru.
    16 | D        | Found a stormy altar of Qazlal.
    16 | D        | Found an iron altar of Okawaru.
    16 | D        | Found a sparkling altar of Nemelex Xobeh.
    16 | D        | Found a burning altar of Makhleb.
    16 | D        | Found a blossoming altar of Fedhas.
    16 | D        | Found a white marble altar of Elyvilon.
    16 | D        | Found a shadowy altar of Dithmenos.
    16 | D        | Found a snail-covered altar of Cheibriados.
    18 | D        | Found a radiant altar of Vehumet.
    18 | D        | Found a corrupted altar of Lugonu.
    19 | D        | Found a hide-covered altar of Uskayaw.
    19 | D        | Found an ancient bone altar of Kikubaaqudgha.
    19 | D        | Found a broken altar of Ashenzari.
    26 | D        | Became a worshipper of Vehumet
   144 | D        | Reached * piety under Vehumet
   144 | D        | Offered knowledge of Shock by Vehumet.
   189 | D        | Reached ** piety under Vehumet
   210 | D        | Reached XP level 2. HP: 13/15 MP: 6/9
   235 | D        | Learned a level 2 spell: Passwall
   235 | D        | Noticed a sky beast
   251 | D        | Killed a sky beast
   252 | D        | Reached XP level 3. HP: 8/19 MP: 5/13
   252 | D        | Reached XP level 4. HP: 11/24 MP: 5/15
   416 | D        | Learned a level 3 spell: Stone Arrow
   476 | D        | Offered knowledge of Static Discharge by Vehumet.
   476 | D        | Reached *** piety under Vehumet
   480 | D        | Noticed a phantom
   486 | D        | Reached XP level 5. HP: 23/28 MP: 13/18
   490 | D        | Killed a phantom
   490 | D        | Reached **** piety under Vehumet
   491 | D        | Reached skill level 10 in Spellcasting
   497 | D        | Reached ***** piety under Vehumet
   591 | D        | Reached XP level 6. HP: 32/32 MP: 21/21
   597 | D        | Learned a level 5 spell: Lee's Rapid Deconstruction
   602 | D        | Learned a level 4 spell: Petrify
   616 | D        | Reached skill level 10 in Earth Magic
   645 | D        | Noticed a komodo dragon
   647 | D        | Killed a komodo dragon
   647 | D        | Offered knowledge of Ignite Poison by Vehumet.
   648 | D        | Reached skill level 1 in Fighting
   648 | D        | Reached skill level 5 in Stealth
   648 | D        | Reached XP level 7. HP: 38/38 MP: 13/25
   812 | D        | Offered knowledge of Olgreb's Toxic Radiance by Vehumet.
   819 | D        | Noticed Duvessa
   819 | D        | Noticed a boulder beetle
   821 | D        | Killed Duvessa
   822 | D        | Noticed Dowan
   825 | D        | Killed Dowan
   826 | D        | Reached ****** piety under Vehumet
  1168 | D        | Killed a boulder beetle
  1168 | D        | Offered knowledge of Yara's Violent Unravelling by Vehumet.
  1169 | D        | Reached XP level 8. HP: 43/43 MP: 23/30
  1396 | D        | Offered knowledge of Orb of Destruction by Vehumet.
  1414 | D        | Noticed an orange demon
  1418 | D        | Killed an orange demon
  1420 | D        | Noticed a dream sheep
  1691 | D        | Noticed a dream sheep
  1692 | D        | Killed a dream sheep
  1694 | D        | Killed a dream sheep
  1694 | D        | Noticed a dream sheep
  1695 | D        | Reached XP level 9. HP: 47/47 MP: 23/32
  1696 | D        | Reached skill level 15 in Earth Magic
  1697 | D        | Offered knowledge of Iron Shot by Vehumet.
  1926 | D        | Noticed an efreet
  1928 | D        | Killed an unseen horror
  1930 | D        | Offered knowledge of Starburst by Vehumet.
  1930 | D        | Killed an efreet
  2035 | D        | Noticed a deep elf zephyrmancer
  2037 | D        | Killed a deep elf zephyrmancer
  2038 | D        | Reached XP level 10. HP: 41/52 MP: 28/35
  2274 | D        | Noticed a deep elf zephyrmancer
  2279 | D        | Noticed a yellow draconian
  2279 | D        | Killed a deep elf zephyrmancer
  2279 | D        | Noticed a spriggan druid
  2281 | D        | Offered knowledge of Fireball by Vehumet.
  2281 | D        | Killed a yellow draconian
  2282 | D        | Reached skill level 5 in Dodging
  2285 | D        | Killed a spriggan druid
  2498 | D        | Reached XP level 11. HP: 56/56 MP: 33/38
  2498 | D        | Offered knowledge of Ozocubu's Refrigeration by Vehumet.
  2524 | D        | Noticed a swamp dragon
  2525 | D        | Killed a swamp dragon
  2538 | D        | Noticed an orc high priest
  2540 | D        | Killed an orc high priest
  2561 | D        | Noticed a boulder beetle
  2730 | D        | Offered knowledge of Eringya's Noxious Bog by Vehumet.
  2812 | D        | Noticed an orc sorcerer
  2815 | D        | Killed an orc sorcerer
  2823 | D        | Noticed a boulder beetle
  2907 | D        | Noticed Harold
  2912 | D        | Killed Harold
  2913 | D        | Killed a boulder beetle
  2934 | D        | Killed a boulder beetle
  3192 | D        | Noticed Grum
  3193 | D        | Killed Grum
  3199 | D        | Noticed Maurice
  3201 | D        | Killed Maurice
  3201 | D        | Noticed a sun demon
  3203 | D        | Killed a sun demon
  3342 | D        | Noticed Gastronok
  3347 | D        | Killed Gastronok
  3347 | D        | Offered knowledge of Maxwell's Capacitive Coupling by
                  | Vehumet.
  3348 | D        | Reached XP level 12. HP: 62/62 MP: 29/42
  3358 | D        | Learned a level 8 spell: Maxwell's Capacitive Coupling
  3472 | D        | Noticed an orc warlord
  3488 | D        | Killed an orc warlord
  3489 | D        | Offered knowledge of Lehudib's Crystal Spear by Vehumet.
  3489 | D        | Offered knowledge of Shatter by Vehumet.
  3489 | D        | Offered knowledge of Ignition by Vehumet.
  3767 | D        | Noticed a merfolk javelineer
  3769 | D        | Killed a merfolk javelineer
  3769 | D        | Noticed a nagaraja
  3770 | D        | Noticed a boulder beetle
  3772 | D        | Killed a nagaraja
  3773 | D        | Killed a boulder beetle
  3840 | D        | Got the Volume of Shifting Feathers
  4069 | D        | Learned a level 8 spell: Lehudib's Crystal Spear
  4078 | D        | Learned a level 8 spell: Ignition
  4088 | D        | Learned a level 9 spell: Shatter
  4092 | D        | Learned a level 3 spell: Mephitic Cloud
  4157 | D        | Noticed a minotaur
  4161 | D        | Noticed a spriggan air mage
  4162 | D        | Identified the ring of Tojeu {+Blink rCorr Str+6}
  4162 | D        | Noticed an orc warlord
  4162 | D        | Noticed a merfolk avatar
  4163 | D        | Killed a minotaur
  4163 | D        | Killed a spriggan air mage
  4164 | D        | Reached skill level 27 in Spellcasting
  4164 | D        | Killed a merfolk avatar
  4164 | D        | Paralysed by an air elemental for 1 turns
  4165 | D        | Reached skill level 1 in Evocations
  4165 | D        | Reached XP level 13. HP: 60/66 MP: 40/46
  4168 | D        | Killed an orc warlord
  4175 | D        | Identified the +1 spear of the Egg {chaos, Fly rN+ Str-2}
  4329 | D        | Got the Volume of the Mountains and Air
  4351 | D        | Got the +0 helmet of Gallantry {+Blink rCorr Dex+4}
  4434 | D        | Noticed a white draconian
  4438 | D        | Killed a white draconian
  4439 | D        | Noticed a black draconian stormcaller
  4440 | D        | Noticed a deep elf demonologist
  4441 | D        | Killed a black draconian stormcaller
  4441 | D        | Noticed a deep elf demonologist
  4442 | D        | Killed a deep elf demonologist
  4443 | D        | Noticed a green death
  4443 | D        | Killed a deep elf demonologist
  4443 | D        | Noticed a black draconian shifter
  4445 | D        | Noticed a nagaraja
  4447 | D        | Noticed a lich
  4448 | D        | Killed a deep elf annihilator
  4449 | D        | Killed a nagaraja
  4450 | D        | Killed a lich
  4451 | D        | Reached skill level 27 in Earth Magic
  4451 | D        | Reached skill level 5 in Evocations
  4481 | D        | Killed a white draconian monk
  4481 | D        | Noticed a yellow draconian
  4482 | D        | Killed a black draconian shifter
  4483 | D        | Reached skill level 10 in Dodging
  4483 | D        | Reached XP level 14. HP: 53/72 MP: 25/47
  4505 | D        | Reached skill level 10 in Evocations
  4509 | D        | Killed an ancient lich
  4514 | D        | Noticed a yellow draconian stormcaller
  4515 | D        | Killed a nagaraja
  4515 | D        | Killed a yellow draconian stormcaller
  4751 | D        | Got Gatevoat's Incunabulum of Creative Enchantment
  4856 | D        | Got the ring of Qoerph {rPois EV+6 Str+5 Dex-5}
  4858 | D        | Got the ring of Yptigru {Contam rElec EV+6 Str+8 SInv}
  4860 | D        | Got the ring of Weiduhex {rPois Int+6}
  4862 | D        | Got the ring "Qextoloz" {rElec Will+ rCorr}
  4864 | D        | Got the ring "Koetush" {Ice *Slow rElec Will++ Int+4}
  4866 | D        | Got the ring "Baunuef" {Str+4 Dex+6}
  4868 | D        | Got the ring of Xecoch {rC++ Str+6 Int+2}
  4870 | D        | Got the ring "Ilunueg" {rPois Str+6 Int+6}
  4872 | D        | Got the ring "Reghuyri" {rC+ rN+ Str+2}
  4876 | D        | Got the ring "Meniaces" {Int+6 Dex+5}
  4878 | D        | Got the ring of the Distant Future {Fly rN+}
  4880 | D        | Got the ring "Jashris" {rPois Will- MP-9 Slay+5 Stlth+}
  4884 | D        | Got the ring "Qilas" {Fire rCorr Dex+4 Stlth+}
  4910 | D        | Got the amulet of Yesterday {Reflect rPois rF++ rC- Str-4
                  | SH+5}
  4912 | D        | Got the ring of Itu Jol {Will+ rCorr Slay+5}
  4914 | D        | Got the ring "Loalisun" {Wiz *Corrode rF+ Stlth+}
  4916 | D        | Got the ring of Feqal {rN+ AC+4 Dex+8}
  4920 | D        | Got the amulet "Pewnenak" {Regen+ MP+9}
  4922 | D        | Got the ring of Goliur {Will- rCorr Str+8 Slay+2}
  4924 | D        | Got the ring of Tybrach {rF+ rN+ Will+ AC+4}
  4926 | D        | Got the ring of Beiqa {MP+9 SInv}
  4928 | D        | Got the ring of Dishonour {rN++ AC+4 Int+2}
  4930 | D        | Got the ring "Plog" {Contam Fly rPois rF++ rC+}
  4932 | D        | Got the amulet of Qivuhaor {Spirit Rampage +Blink Regen+
                  | Str-5}
  4934 | D        | Got the ring "Zyppozadwu" {rPois Will+ Str+3 Dex+6}
  4937 | D        | Got the amulet of Rickiesycw {RegenMP rPois rF- Will+
                  | Str+3}
  5006 | D        | Paralysed by an air elemental for 1 turns
  5012 | D        | Noticed an orc warlord
  5012 | D        | Noticed an orc warlord
  5016 | D        | Killed an orc warlord
  5017 | D        | Reached skill level 5 in Conjurations
  5022 | D        | Reached skill level 15 in Evocations
  5023 | D        | Killed an orc warlord
  5025 | D        | Noticed an angel
  5028 | D        | Reached XP level 15. HP: 76/76 MP: 34/48
  5585 | D        | Noticed a pearl dragon
  5588 | D        | Killed a pearl dragon
  5589 | D        | Reached skill level 10 in Conjurations
  5655 | D        | Noticed a titan
  5657 | D        | Killed a titan
  5689 | D        | Noticed an electric golem
  5693 | D        | Killed an electric golem
  5881 | D        | Noticed a storm dragon
  5883 | D        | Killed a storm dragon
  5921 | D        | Noticed an acid blob
  5923 | D        | Killed an acid blob
  5956 | D        | Noticed an Executioner
  5956 | D        | Noticed an Executioner
  5957 | D        | Killed an Executioner
  5958 | D        | Killed an Executioner
  5963 | D        | Reached skill level 15 in Conjurations
  5992 | D        | Noticed a titan
  5994 | D        | Killed a titan
  6018 | D        | Noticed an acid blob
  6020 | D        | Killed an acid blob
  6066 | D        | Found the +6 sword of Cerebov {flame}
  6066 | D        | Noticed Cerebov
  6077 | D        | Noticed an acid blob
  6080 | D        | Killed an acid blob
  6222 | D        | Noticed Louise
  6222 | D        | Noticed Margery
  6222 | D        | Noticed an acid blob
  6222 | D        | Noticed an azure jelly
  6222 | D        | Noticed a hellephant
  6222 | D        | Killed from afar by a spriggan air mage

Illustrated notes

Levels and vault maps discovered:
D:        pitsprint [storerooms_1, entrance_room_1, metal_vault_8, armoury_1,
          mini_pit_1, grid_room_1, main_hall_1, silver_pit, the_coven_3,
          the_vestibule_1, steel_vault_2, golden_pit, hallway_of_sentries,
          crystal_vault_1, iron_vault_3, final_vault]

Skill      XL: |  1  2  3  4  5  6  7  8  9 10 11 12 13 14 15 |
---------------+----------------------------------------------+-----
Earth Magic    | 4 7 8 9 11 13 14 16 18 21 23 27 | 27.0
Dodging        | 3 4 5 10 19 22 | 22.6
Spellcasting   | 4 7 8 10 13 16 17 19 21 24 27 | 27.0
Stealth        | 3 4 5 6 |  6.5
Fighting       | 1 2 |  2.7
Transmutations | 2 |  2.7
Evocations     | 1 7 15 19 | 19.4
Conjurations   | 7 17 | 17.1

Action                   |  1- 3 |  4- 6 |  7- 9 | 10-12 | 13-15 || total
-------------------------+-------+-------+-------+-------+-------++-------
 Cast: Sandblast         |    15 |    19 |     2 |       |     7 ||    43
       Lee's Rapid Decon |       |     3 |    29 |    93 |    87 ||   212
       Petrify           |       |       |     2 |     1 |       ||     3
       Stone Arrow       |       |       |       |       |     4 ||     4
       Lehudib's Crystal |       |       |       |       |    17 ||    17
       Shatter           |       |       |       |       |     1 ||     1
Evoke: Condenser vane    |       |       |       |     1 |     3 ||     4
       Wand              |       |       |       |       |     1 ||     1
  Use: Potion            |       |       |     1 |     1 |    10 ||    12
       Scroll            |       |       |       |     1 |     1 ||     2
Armor: Robe              |       |     1 |       |     3 |     2 ||     6
Dodge: Dodged            |     1 |     6 |     1 |     8 |    18 ||    34

Table legend: (Time is in decaauts)
 A = Elapsed time spent in this place.
 B = Non-inter-level travel time spent in this place.
 C = Inter-level travel time spent in this place.
 D = Time resting spent in this place.
 E = Time spent auto-exploring this place.
 F = Levels seen in this place.
 G = Mean time per level.
                   A        B        C        D        E       F      G
               +--------+--------+--------+--------+--------+-----+--------+
         Total |   6201 |   6201 |      0 |   4222 |     98 |   1 | 6201.0 |
       Dungeon |   6201 |   6201 |      0 |   4222 |     98 |   1 | 6201.0 |
               +--------+--------+--------+--------+--------+-----+--------+

Top non-repeatable levels by time:
       D: 6201 daAuts
